 Dungeon Crawl Stone Soup version 0.27.1-3-gb3d3a73c9e (webtiles) character file.

Game seed: 2689750592388133235

4757 curiousnu the Blocker (level 10, -10/74 HPs)
             Began as a Demonspawn Gladiator on Oct 21, 2021.
             Was a Priest of Nemelex Xobeh.
             Killed from afar by a raiju (18 damage)
             ... with a living lightning
             ... on level 2 of the Abyss on Oct 22, 2021.
             The game lasted 00:38:44 (9342 turns).

curiousnu the Blocker (Demonspawn Gladiator)        Turns: 9342, Time: 00:38:45

Health: -10/74     AC: 22    Str: 24    XL:     10   Next: 23%
Magic:  0/10       EV:  7    Int:  7    God:    Nemelex Xobeh [***...]
Gold:   376        SH: 20    Dex: 15    Spells: 9/9 levels left

rFire    . . .     SeeInvis .   a - +1 war axe
rCold    + . .     Faith    .   o - +0 kite shield
rNeg     . . .     Spirit   +   x - +2 plate armour {rC+}
rPois    +         Reflect  .   (helmet restricted)
rElec    .         Harm     .   i - +0 cloak
rCorr    .         Rampage  .   e - +0 pair of gloves
Will     .....                  q - +0 pair of boots
Stlth    ..........             (no amulet)
HPRegen  0.22/turn              I - ring of poison resistance
MPRegen  0.24/turn              D - +6 ring of strength

@: mighty
A: large bone plates 1, icemail 1, magic shield, magic regeneration, magic link,
condensation shield, horns 2, dopey 1
a: Renounce Religion, Draw Escape, Draw Destruction, Draw Summoning, Triple Draw


You were on level 2 of the Abyss.
You worshipped Nemelex Xobeh.
Nemelex Xobeh was most pleased with you.
You visited 2 branches of the dungeon, and saw 11 of its levels.
You visited the Abyss 1 time.
You also visited: Ossuary.

You collected 981 gold pieces.
You spent 605 gold pieces at shops.

Inventory:

Hand Weapons
 a - a +1 war axe (weapon)
 t - a +4 whip of electrocution
Missiles
 b - 11 boomerangs
 d - 6 throwing nets
 w - 33 poisoned darts (quivered)
 z - 4 silver javelins
Armour
 e - a +0 pair of gloves (worn)
 i - a +0 cloak (worn)
 o - a +0 kite shield (worn)
 q - a +0 pair of boots (worn)
 x - a +2 plate armour of cold resistance (worn)
 C - a scarf of harm
Jewellery
 k - an amulet of reflection
 v - a ring of fire
 y - a ring of resist corrosion
 D - a +6 ring of strength (right hand)
 E - a +6 ring of strength
 G - the ring of Wishful Thinking {Drain rPois rF++ rC+ Int+2}
   (You acquired it on level 7 of the Dungeon)

   [ring of protection from cold]

   Int:       It affects your intelligence (+2).
   rF:        It greatly protects you from fire.
   rC:        It protects you from cold.
   rPois:     It protects you from poison.
   Drain:     It drains your maximum health when unequipped.
 I - a ring of poison resistance (left hand)
Wands
 c - a wand of digging (4)
 m - a wand of charming (2)
 H - a wand of flame (19)
Scrolls
 f - a scroll of holy word {unknown}
 h - 3 scrolls of enchant weapon
 n - 6 scrolls of teleportation
 p - 2 scrolls of fear {unknown}
 s - 2 scrolls of fog
 A - 3 scrolls of amnesia
 B - 2 scrolls of immolation {unknown}
 J - a scroll of identify
 K - a scroll of magic mapping
Potions
 g - a potion of curing
 j - a potion of flight
 l - 2 potions of attraction
 r - a potion of brilliance
 u - 3 potions of lignification


   Skills:
 + Level 5.1 Fighting
 + Level 7.9 Axes
 + Level 2.2 Throwing
 * Level 5.8 Armour
 - Level 3.5 Dodging
 * Level 8.5 Shields


You had 9 spell levels left.
You didn't know any spells.
Your spell library contained the following spells:

 Spells                   Type           Power      Damage    Failure   Level
 Animate Skeleton         Necr           0%         N/A       100%        1
 Apportation              Tloc           0%         N/A       100%        1
 Corona                   Hex            0%         N/A       100%        1
 Summon Small Mammal      Summ           0%         N/A       100%        1
 Slow                     Hex            0%         N/A       100%        2
 Confusing Touch          Hex            0%         N/A       100%        3
 Vampiric Draining        Necr           0%         2d6       100%        3


Dungeon Overview and Level Annotations

Branches:
Dungeon (10/15)            Temple (1/1) D:4            Lair (0/6) D:10
Ossuary (visited)
    Orc: D:9-12

Altars:
Ashenzari
Cheibriados
Elyvilon
Fedhas
Hepliaklqana
Kikubaaqudgha
Makhleb
Nemelex Xobeh
Okawaru
Qazlal
Ru
Sif Muna
Trog
Uskayaw
Vehumet
Wu Jian
Yredelemnul
Zin
The Shining One

Shops:
D:4 *!*[   D:8 !   D:9 *

Annotations:
D:6 2 transporters, SquidGame's ghost, novice TeBe
D:9 Erolcha


Innate Abilities, Weirdness & Mutations

You are partially covered in large bone plates. (SH +4)
A meltable icy envelope protects you from harm. (AC +4)
When hurt, damage is shared between your health and your magic reserves.
You regenerate magic rapidly.
When low on magic, you restore magic in place of health.
A meltable shield of frost defends you. (SH +4)
You have a pair of horns on your head.
You are dopey. (Int -2)


Message History

Things that are here:
a scroll of teleportation; a +0 plate armour You feel better.
Something bites curiousnu's illusion but does no damage.
You block the raiju's attack.
You feel very mighty all of a sudden. The raiju barely misses you.
You block the raiju's attack.
Something hits curiousnu's illusion but does no damage.
You hit the raiju. Your headbutt misses the raiju.
The raiju is severely wounded.
You slash the raiju!
Curiousnu's illusion hits the raiju but does no damage.
The raiju stops to sniff the ground.
You block the raiju's attack.
The raiju bites curiousnu's illusion but does no damage.
The raiju bites you but does no damage.
Something gores curiousnu's illusion but does no damage.
Curiousnu's illusion hits the raiju!
You closely miss the raiju.
The raiju is almost dead.
You completely miss the raiju.
The raiju bursts into living lightning!
The living lightning hits you!!
* * * LOW HITPOINT WARNING * * *
The raiju blinks!
The raiju bites curiousnu's illusion!
The raiju shocks curiousnu's illusion!
The raiju bursts into living lightning!
The living lightning hits you!
* * * LOW HITPOINT WARNING * * *
The raiju blinks!
Something hits curiousnu's illusion!
Cleave: a) +1 war axe
Press: ? - help, Dir - move target, f - you
Okay, then.
You draw a card...
You have drawn Velocity.
The raiju seems to slow down.
The deck of cards glows slightly and disappears.
The raiju bursts into living lightning!
The living lightning hits curiousnu's illusion!
The living lightning hits you!!
You die...
Your body glows with a rainbow of weird colours and disappears.

.. #≈ . #≈ . ≈ #
.# ##.####.#h#
#.#..#.#.#
.##...#h.#
.......#@# ##
####.@.##.###
#...#.#...#)##
#.. h#.#.#.## .
...#....
.........
.#.#..∩4.......§
h. ...
#............ ..
.. #...........
∩... .
#......#.........


You could see 3 raiju and the friendly curiousnu's illusion (summoned).

Vanquished Creatures
  Maggie (D:8)
  Psyche (D:8)
  Prince Ribbit (D:9)
  A hornet (D:7)
  A wyvern (D:9)
  3 water moccasins
  An orc warrior (D:8)
  A sky beast (D:4)
  2 black bears
  An ice beast (D:5)
  4 wolves (D:8)
  3 ogres
  A centaur (D:7)
  A phantom (D:6)
  A kobold brigand (D:9)
  A gnoll sergeant (D:5)
  2 bullfrogs
  4 scorpions
  2 wyvern zombies (D:8)
  5 killer bees (D:7)
  A vampire bat (D:3)
  A howler monkey (D:4)
  A centaur zombie (Ossuary)
  2 human zombies (Ossuary)
  4 jellies
  7 orc priests
  A bullfrog skeleton (D:6)
  3 hounds
  3 iguanas
  8 orc wizards
  A hound zombie (Ossuary)
  A hound skeleton (D:4)
  4 mummies
  A howler monkey zombie (D:9)
  13 gnolls
  A howler monkey skeleton (D:7)
  5 adders
  2 white imps
  An ufetubus (D:4)
  4 adder zombies (Ossuary)
  2 worms
  2 dart slugs
  3 fire bats (D:3)
  24 orcs
  2 spectral bats (D:3)
  5 ball pythons
  12 bats
  3 bat skeletons (D:3)
  A bat zombie (D:3)
  9 endoplasms
  8 giant cockroaches
  9 goblins
  6 hobgoblins
  3 jackals (D:1)
  A bat simulacrum (D:3)
  5 frilled lizards
  3 gnoll zombies (Ossuary)
  4 goblin zombies (Ossuary)
  2 hobgoblin zombies (Ossuary)
  3 jackal zombies (Ossuary)
  7 kobolds
  4 kobold zombies (Ossuary)
  4 orc zombies (Ossuary)
  4 quokka zombies (Ossuary)
  7 rats
  5 rat zombies (Ossuary)
239 creatures vanquished.

Vanquished Creatures (collateral kills)
  Grum (D:8)
1 creature vanquished.

Vanquished Creatures (others)
  An orc wizard (D:3)
  A dart slug (D:4)
2 creatures vanquished.

Grand Total: 242 creatures vanquished

Notes
Turn   | Place    | Note
-------+----------+-------------------------------------------
     0 | D:1      | curiousnu the Demonspawn Gladiator began the quest for the
                  | Orb.
     0 | D:1      | Reached XP level 1. HP: 16/16 MP: 1/1
   291 | D:1      | Gained mutation: A meltable shield of frost defends you.
                  | (SH +4) [demonic ancestry]
   291 | D:1      | Reached XP level 2. HP: 10/22 MP: 2/2
   510 | D:2      | Found Liprihur's Antique Armour Shoppe.
   531 | D:1      | Gained mutation: You regenerate magic rapidly. [demonic
                  | ancestry]
   531 | D:1      | Reached XP level 3. HP: 27/27 MP: 3/3
   719 | D:1      | Found a faded altar of an unknown god.
   867 | D:2      | Reached XP level 4. HP: 21/34 MP: 4/4
  2200 | D:3      | Found a sacrificial altar of Ru.
  2211 | D:3      | Reached skill level 1 in Armour
  2309 | D:3      | Gained mutation: When hurt, damage is shared between your
                  | health and your magic reserves. [demonic ancestry]
  2309 | D:3      | Reached XP level 5. HP: 39/39 MP: 5/5
  2326 | D:3      | Reached skill level 1 in Shields
  2552 | D:3      | Identified a scroll of acquirement
  2552 | D:3      | Acquired 457 gold pieces
  2573 | D:3      | Reached skill level 2 in Shields
  2719 | D:3      | Gained mutation: A meltable icy envelope protects you from
                  | harm. (AC +4) [demonic ancestry]
  2719 | D:3      | Reached XP level 6. HP: 46/46 MP: 6/6
  2772 | D:4      | Noticed a sky beast
  3484 | D:4      | Killed a sky beast
  3642 | D:4      | Found Karacza's Armour Boutique.
  3659 | D:4      | Bought a +2 plate armour of cold resistance for 480 gold
                  | pieces
  3756 | D:4      | Gained mutation: You are partially covered in large bone
                  | plates. (SH +4) [demonic ancestry]
  3756 | D:4      | Reached XP level 7. HP: 38/52 MP: 7/7
  3877 | D:4      | Reached skill level 5 in Axes
  4064 | D:4      | Found a staircase to the Ecumenical Temple.
  4095 | Temple   | Entered the Ecumenical Temple
  4289 | Temple   | Became a worshipper of Nemelex Xobeh the Trickster
  4347 | D:4      | Reached skill level 3 in Shields
  4498 | D:4      | Found Rethropn's Assorted Antiques.
  4523 | D:5      | Entered Level 5 of the Dungeon
  4873 | D:4      | Found Keeh's General Store.
  4882 | D:4      | Bought 4 silver javelins for 115 gold pieces
  4943 | D:4      | Found Salashar's Distillery.
  4953 | D:4      | Bought a potion of degeneration for 10 gold pieces
  5514 | D:5      | Reached * piety under Nemelex Xobeh
  5548 | D:5      | Reached skill level 4 in Shields
  5562 | D:5      | Gained mutation: You are clumsy. (Dex -2) [potion of
                  | mutation]
  5562 | D:5      | Gained mutation: You evolve. [potion of mutation]
  5655 | D:5      | Reached XP level 8. HP: 36/58 MP: 6/8
  5868 | D:5      | Received a gift from Nemelex Xobeh
  5999 | D:5      | Found a stormy altar of Qazlal.
  6127 | D:6      | Noticed SquidGame's ghost (novice TeBe)
  6128 | D:6      | Found a transporter.
  6128 | D:6      | Identified the +4 dire flail of Qainy {spect, rPois Int+3
                  | Stlth+}
  6128 | D:6      | Identified the +3 dire flail "Qipnitei" {flame, rC+}
  6128 | D:6      | Noticed a two-headed ogre
  6184 | D:6      | Found a transporter.
  6334 | D:6      | Reached skill level 5 in Shields
  6396 | D:7      | Found a sand-covered staircase.
  6408 | Ossuary  | Entered an ossuary
  6419 | Ossuary  | Reached ** piety under Nemelex Xobeh
  6786 | D:7      | Reached skill level 6 in Shields
  6800 | D:7      | Identified the +6 dagger "Naudd" {chaos, Dex+6}
  6941 | D:7      | Gained mutation: When low on magic, you restore magic in
                  | place of health. [demonic ancestry]
  6941 | D:7      | Reached XP level 9. HP: 51/65 MP: 7/9
  7158 | D:7      | Received a gift from Nemelex Xobeh
  7177 | D:7      | Paralysed by a hornet for 3 turns
  7440 | D:6      | Lost mutation: You are clumsy. (Dex -2) [potion of
                  | mutation]
  7440 | D:6      | Lost mutation: You evolve. [potion of mutation]
  7440 | D:6      | Gained mutation: You are dopey. (Int -2) [potion of
                  | mutation]
  7440 | D:6      | Gained mutation: You have a pair of small horns on your
                  | head. [potion of mutation]
  7440 | D:6      | Gained mutation: You have a pair of horns on your head.
                  | [potion of mutation]
  7798 | D:7      | Acquired the ring of Wishful Thinking {Drain rPois rF++ rC+
                  | Int+2}
  7872 | D:8      | Reached skill level 5 in Armour
  7872 | D:8      | Reached skill level 7 in Shields
  7955 | D:8      | Noticed Grum
  7999 | D:8      | Killed Grum
  8010 | D:8      | Noticed Maggie
  8015 | D:8      | Killed Maggie
  8218 | D:9      | Received a gift from Nemelex Xobeh
  8353 | D:8      | Reached skill level 5 in Fighting
  8419 | D:8      | Noticed Psyche
  8433 | D:8      | Killed Psyche
  8434 | D:8      | Reached skill level 8 in Shields
  8434 | D:8      | Reached XP level 10. HP: 74/74 MP: 10/10
  8697 | D:8      | Found Detrel's Distillery.
  9084 | D:9      | Found Akasaen's Assorted Antiques.
  9087 | D:9      | Noticed Prince Ribbit
  9105 | D:9      | Killed Prince Ribbit
  9206 | D:10     | Entered Level 10 of the Dungeon
  9206 | D:10     | Reached *** piety under Nemelex Xobeh
  9206 | D:10     | Received a gift from Nemelex Xobeh
  9299 | D:9      | Noticed Erolcha
  9318 | D:9      | Cast into level 2 of the Abyss (Erolcha)
  9342 | Abyss:2  | Killed from afar by a raiju

Illustrated notes

Levels and vault maps discovered:
D:1:      minmay_arrival_doors, layout_rooms, chequers_ecumenical_altar_simple,
          grunt_decor_junction
D:2:      layout_loops_cross, serial_shops, shop, minmay_misc_feat_encased
D:3:      layout_loops_corners, nicolae_ru_great_annihilating_truth,
          eino_tiny_chamber, goddamned_bats
D:4:      layout_layer_cave, elyvilon_altar_4, minmay_temple_entry_antechambers,
          serial_shops, nicolae_lakefront_shop, nicolae_lakefront_shop,
          nicolae_shop_competitors_out_of_business, shop
D:5:      layout_cave_pools, mainiacjoe_overflow_boulevard, grunt_ministairs_9,
          kennysheep_pointless_box
D:6:      layout_cave_pools, gammafunk_ghost_smash
D:7:      layout_basic, gup_ossuary_entry_pyramid
D:8:      layout_basic, serial_shops, nicolae_take_the_stairs,
          chequers_serial_rivers_small_3, uniq_grum, uniq_psyche, uniq_maggie
D:9:      layout_stronghold, grunt_dithmenos_smoke, mainiacjoe_overflow_swirl,
          serial_shops, shop, shop_coins, shop, nicolae_shop_waterfront,
          uniq_erolcha, uniq_prince_ribbit1
D:10:     layout_roguey [special_room_orc], erik_lair_island, uniq_gastronok,
          uniq_maurice, uniq_fannar, uniq_snorg
Temple:   eino_temple_scatter_basement
Abyss:2:  base:
D:10

Skill      XL: |  1  2  3  4  5  6  7  8  9 |
---------------+----------------------------+-----
Dodging        | 3 |  3.5
Axes           | 3 4 5 6 7 |  7.9
Throwing       | 2 |  2.2
Armour         | 1 2 3 4 5 |  5.8
Shields        | 2 4 6 8 |  8.5
Fighting       | 3 4 5 |  5.1

Action                   |  1- 3 |  4- 6 |  7- 9 | 10-12 || total
-------------------------+-------+-------+-------+-------++-------
Melee: War axe           |    72 |   186 |   526 |    87 ||   871
       Headbutt          |       |       |    22 |    23 ||    45
Throw: Dart              |       |     5 |     2 |     3 ||    10
       Javelin           |       |       |     4 |       ||     4
Invok: Draw Destruction  |       |       |     2 |       ||     2
       Draw Summoning    |       |       |     1 |     1 ||     2
       Draw Escape       |       |       |       |     2 ||     2
  Use: Potion            |     1 |       |    10 |     3 ||    14
       Scroll            |       |     7 |     8 |     1 ||    16
 Stab: Sleeping          |       |     2 |       |       ||     2
       Invisible         |       |     1 |       |       ||     1
       Paralysed         |       |     1 |       |       ||     1
Armor: Leather armour    |    29 |    75 |       |       ||   104
       Skin              |    13 |       |       |       ||    13
       Chain mail        |       |    43 |       |       ||    43
       Plate armour      |       |     7 |   333 |    30 ||   370
Dodge: Dodged            |    66 |   106 |   113 |    15 ||   300
Block: Other             |    18 |     4 |       |       ||    22
       Kite shield       |       |   109 |   628 |    89 ||   826
